 BcadrenCrawl: Boulder Brew version 0.03.2.1-103-g09b4e489ee (webtiles) character file.

Game seed: 6695005003909138256, levelgen mode: deterministic

662 funkygono the Magician (level 7, -4/50 HPs) Spectral Draconian Mummy. Began on Mar 4, 2021. Slain by Prince Ribbit (11 damage) ... on level 3 of the Dungeon. The game lasted 00:12:40 (2527 turns).

funkygono the Magician (Spectral Draconian Mummy)   Turns: 2527, Time: 00:12:41

Health: -4/50      AC:  7    Str: 11 (12) XL:     7 ^: 479
Magic:  10/17      EV: 14    Int: 16 (18) God:
Gold:   2836       SH:  0    Dex:  7 (10) Spells: 8/19 levels left

rFire    . . .     Vision   .   a - +0 whip (chaos)
rCold    + . .     Gourm    .     - Unarmed
rNeg     + + +     Faith    .   (armour unavailable)
rPois    ∞         Spirit   .   (helmet restricted)
rElec    .         Reflect  .   (no cloak)
rCorr    .         Harm     .   (no gloves)
MR       .....                  (no boots)
Stlth    +.........             (no amulet)
HPRegen  0.26/turn              (no ring)
MPRegen  0.27/turn              (no ring)

@: very slightly contaminated, skeletal uprising
A: no body armour, unfitting armour, cold resistance 1, negative energy
resistance 3, torment resistance, unbreathing, in touch with death 1,
insubstantial, translocation and transmutation enhancers 1, AC +7
a: Breathe Spectral Mist, End Uprising


You were on level 3 of the Dungeon.
You were not hungry.

You visited 1 branch of the dungeon, and saw 3 of its levels.

You collected 2836 gold pieces.

Inventory:

Weapons
 a - a +0 whip of chaos (weapon)
Jewellery
 f - a cursed ring of wizardry {(Curse: *Corrode)}
 g - an uncursed ring of magical power
Scrolls
 b - 2 scrolls of teleportation
 d - a scroll of fog
 e - 2 scrolls of enchantment
 i - a scroll of torment
Potions
 c - 3 potions of curing
 h - a potion of ambrosia


   Skills:
 + Level 0.2 Fighting
 + Level 1.8 Whips & Flails
 + Level 2.7 Dodging
 + Level 1.8 Stealth
 + Level 1.0 Unarmed Combat
 + Level 6.7 Spellcasting
 + Level 2.7 Hexes
 + Level 4.3 Necromancy


You had 8 spell levels left.
You knew the following spells:

 Your Spells              Type           Power        Failure   Level  Hunger
a - Pain                  Hex/Necr       25 (25)      3%          1    N/A
b - Vampiric Draining     Necr           29 (200)     6%          3    N/A
c - Pryten's Skeletal Up  Chrm/Necr      18 (200)     16%         3    N/A
d - Animate Dead          Necr           N/A          22%         4    N/A

Your spell library contained the following spells:

 Spells                   Type           Power        Failure   Level  Hunger
 Regeneration             Chrm/Necr      Unusable     N/A         3    N/A

Dungeon Overview and Level Annotations

Branches:
Dungeon (3/8)

Altars:
Elyvilon
Okawaru

Shops:
D:2 (

Annotations:
D:3 Prince Ribbit


Innate Abilities, Weirdness & Mutations

You cannot fit into any form of body armour.
Your spectral turquoise scales are hard. (AC +7)
You can breathe blasts of ghostly flames, which heal the undead and damage the living.
You are immune to poison.
You are cold resistant. (rC+)
You are immune to negative energy. (rN+++)
You are immune to unholy pain and torment.
You can survive without breathing.
You are in touch with the powers of death.
Your insubstantial form boosts your evasion and grants immunity to sticky flames, nets and constriction.
You are in touch with the powers of translocation and transmutation.
Your spectral turquoise scales hold together your spectral form.


Message History

Prince Ribbit closely misses you (0).
Casting: Pain (safe; 3% risk of failure)
Confirm with . or Enter, or press ? or * to list all spells.
Aiming: Pain (safe; 3% risk of failure)
Press: ? - help, Shift-Dir - straight line, f/p - Prince Ribbit
Aim: Prince Ribbit (lightly wounded (34/35), chance to defeat MR: 71%)
You feel a surge of power!
Prince Ribbit struggles to resist.
Prince Ribbit hits you (15)!
* * * LOW HITPOINT WARNING * * *
Casting: Pain (safe; 3% risk of failure)
Confirm with . or Enter, or press ? or * to list all spells.
Aiming: Pain (safe; 3% risk of failure)
Press: ? - help, Shift-Dir - straight line, f/p - Prince Ribbit
Aim: Prince Ribbit (lightly wounded (34/35), chance to defeat MR: 71%)
You feel a surge of power!
Prince Ribbit struggles to resist.
Prince Ribbit hits you (8)!
* * * LOW HITPOINT WARNING * * *
Unknown command.
You closely miss Prince Ribbit. x2; Prince Ribbit hits you (11)!
You die...

# ## #.
...#.#### #
#......##.#
#...<...#
#..#@##.#
#..†.FZ.#
##.####.#
#. # #


You could see Prince Ribbit and a bullfrog skeleton (chaotically infused).

Vanquished Creatures
  A big kobold (D:2)
  A howler monkey (D:3)
  3 jellies (D:2)
  Jessica (D:2)
  5 giant cockroaches
  7 sewer rats (D:2)
  5 cinder newts (D:2)
  2 worms (D:2)
  An ooze (D:2)
  A dart slug (D:1)
  6 leopard geckos
  An orc (D:2)
  An adder skeleton (D:2)
  8 goblins
  7 hobgoblins
  2 jackals (D:2)
  6 ball pythons
  5 bats (D:1)
  A hobgoblin skeleton (D:2)
  14 kobolds
  2 kobold skeletons (D:2)
  3 rats
  4 withered plants (D:2)
87 creatures vanquished.

Vanquished Creatures (collateral kills)
  A big kobold (D:2)
  A bullfrog (D:2)
  An adder (D:2)
  A hobgoblin (D:1)
  A kobold (D:2)
  A bat (D:2)
  5 withered plants (D:2)
11 creatures vanquished.

Vanquished Creatures (others)
  A crocodile (D:2)
  A slimehead (D:2)
  93 withered plants (D:2)
95 creatures vanquished.

Grand Total: 193 creatures vanquished

Notes
Turn   | Place    | Note
-------+----------+-------------------------------------------
     0 | D:1      | funkygono the Draconian Mummy began the quest for the Orb.
     0 | D:1      | Reached XP level 1. HP: 14/14 MP: 4/4
    76 | D:1      | Reached XP level 2. HP: 15/20 MP: 1/5
   181 | D:1      | Reached skill level 3 in Spellcasting
   181 | D:1      | Reached XP level 3. HP: 26/26 MP: 0/7
   222 | D:1      | Learned a level 3 spell: Vampiric Draining
   226 | D:1      | Learned a level 3 spell: Pryten's Skeletal Uprising
   426 | D:1      | Reached XP level 4. HP: 33/33 MP: 3/9
   826 | D:2      | Reached skill level 4 in Spellcasting
   826 | D:2      | Reached skill level 1 in Hexes
   890 | D:2      | Noticed Jessica
   895 | D:2      | Killed Jessica
   895 | D:2      | Reached XP level 5. HP: 38/38 MP: 6/11
   901 | D:2      | Learned a level 4 spell: Animate Dead
   995 | D:2      | Found Beangid's Antique Weapon Shop.
  1008 | D:2      | Reached skill level 5 in Spellcasting
  1008 | D:2      | Reached XP level 6. HP: 45/45 MP: 2/13
  1266 | D:2      | Reached skill level 1 in Unarmed Combat
  1459 | D:2      | Reached skill level 6 in Spellcasting
  1663 | D:2      | Gained mutation: Your insubstantial form boosts your
                  | evasion and grants immunity to sticky flames, nets and
                  | constriction. [draconic bloodline]
  1663 | D:2      | Reached XP level 7. HP: 50/50 MP: 6/16
  1663 | D:2      | Gained mutation: Your spectral turquoise scales hold
                  | together your spectral form. [Spectral Draconian growth]
  1663 | D:2      | Gained mutation: You are in touch with the powers of
                  | translocation and transmutation. [Spectral Draconian
                  | growth]
  1664 | D:2      | Found an iron altar of Okawaru.
  2163 | D:2      | Identified a scroll of acquirement
  2165 | D:2      | Found a white marble altar of Elyvilon.
  2518 | D:3      | Noticed Prince Ribbit
  2527 | D:3      | Slain by Prince Ribbit

Levels and vault maps discovered:
D:1:      lightli_arrival_isolated_outpost, layout_rooms, serial_rivers,
          chequers_serial_rivers_micro_d, chequers_serial_rivers_micro_c,
          chequers_serial_rivers_large_a, chequers_serial_rivers_room_a,
          chequers_serial_rivers_marsh, chequers_serial_rivers_room_b,
          minmay_vboxes
D:2:      layout_sewer, okawaru_altar_gauntlet_db, elyvilon_niche, first_ration,
          serial_shops, nicolae_shop_trees, uniq_jessica
D:3:      layout_loops_cross, marbit_many_paths, uniq_prince_ribbit1,
          uniq_duvessa

Skill      XL: |  1  2  3  4  5  6 |
---------------+-------------------+-----
Spellcasting   | 3 4 5 6 |  6.7
Necromancy     | 3 4 |  4.3
Hexes          | 1 2 |  2.7
Unarmed Combat | 1 |  1.0
Fighting       | |  0.2
Whips & Flails | |  1.8
Dodging        | |  2.7
Stealth        | |  1.8

Action                   |  1- 3 |  4- 6 |  7- 9 || total
-------------------------+-------+-------+-------++-------
Melee: Whip              |    21 |    51 |    18 ||    90
       Unarmed           |    14 |    42 |    15 ||    71
       Tailslap          |       |     1 |     2 ||     3
 Cast: Pain              |    35 |    89 |    35 ||   159
       Pryten's Skeletal |     1 |       |       ||     1
       Animate Dead      |       |     5 |     1 ||     6
       Vampiric Draining |       |     1 |       ||     1
  Use: Scroll            |       |     1 |     2 ||     3
       Potion            |       |       |     2 ||     2
 Stab: Sleeping          |       |     1 |       ||     1
Armor: Skin              |     9 |    17 |     7 ||    33
Dodge: Dodged            |    20 |    53 |    23 ||    96
